 Dungeon Crawl Stone Soup version 0.30.0-17-ge0270778cf (webtiles) character file.

Game seed: 13076095089957021618

12606 Daunt the Skirmisher (level 12, 0/110 HPs)
             Began as a Meteoran Summoner on May 20, 2023.
             Was a Priest of Fedhas.
             Slain by a gnoll sergeant
             ... wielding a +0 spear
              (3 damage)
             ... while petrified by a basilisk
             ... on level 12 of the Dungeon on May 21, 2023.
             The game lasted 01:14:11 (5930 turns).

Daunt the Skirmisher (Meteoran Summoner)            Turns: 5930, Time: 01:14:12

Health: 0/110      AC: 11    Str: 10    XL:     12   Next: 52%
Magic:  17/17      EV:  2    Int: 19    God:    Fedhas [***...]
Gold:   691        SH:  0    Dex: 24    Spells: 9/16 levels left

rFire   . . .        P - +3 shortbow (drain)
rCold   . . .        (shield currently unavailable)
rNeg    + + +        C - +0 acid dragon scales
rPois   ∞            S - +0 helmet
rElec   .            (no cloak)
rCorr   +            g - +0 pair of gloves
SInv    .            N - +0 pair of boots
Will    .....        (no amulet)
Stlth   +            o - +5 ring of evasion
HPRegen 0.38/turn    M - +6 ring of dexterity
MPRegen 0.15/turn

%: no passive effects
@: petrified, weak-willed, hasted, glowing
A: sense surroundings 2, otherworldly, glowing, explore regen
a: Renounce Religion, Wall of Briars, Grow Ballistomycete


You were on level 12 of the Dungeon.
You worshipped Fedhas.
Fedhas was most pleased with you.
You visited 2 branches of the dungeon, and saw 13 of its levels.
You also visited: Ossuary.

You collected 691 gold pieces.

Inventory:

Hand Weapons
 d - a +0 dagger
 f - a +0 short sword
 E - a +0 rapier
 G - a +1 flail of protection
 P - a +3 shortbow of draining (weapon)
Missiles
 y - a throwing net
 K - a curare-tipped dart
 L - 12 poisoned darts
Armour
 g - a +0 pair of gloves (worn)
 C - +0 acid dragon scales (worn)
 N - a +0 pair of boots (worn)
 S - a +0 helmet (worn)
Magical Staves
 p - a staff of cold
Jewellery
 i - a ring of willpower
 o - a +5 ring of evasion (left hand)
 M - a +6 ring of dexterity (right hand)
 Q - a ring of resist corrosion
 T - a ring of protection from fire
Wands
 a - a wand of flame (14)
 O - a wand of digging (8)
 R - a wand of polymorph (1)
Scrolls
 e - 2 scrolls of butterflies
 j - 3 scrolls of enchant armour {unknown}
 l - 4 scrolls of teleportation
 n - 2 scrolls of fog {unknown}
 q - 3 scrolls of vulnerability
 r - a scroll of poison {unknown}
 s - 2 scrolls of blinking
 t - a scroll of silence {unknown}
 u - 4 scrolls of enchant weapon
 v - a scroll of torment {unknown}
 x - a scroll of brand weapon {unknown}
 A - 4 scrolls of fear {unknown}
 B - 2 scrolls of immolation {unknown}
 H - 2 scrolls of magic mapping {unknown}
Potions
 b - 2 potions of magic
 c - 3 potions of lignification
 h - 5 potions of attraction
 k - 2 potions of haste
 m - 2 potions of heal wounds
 w - a potion of mutation
 z - 5 potions of brilliance
 D - a potion of invisibility {unknown}
 F - 3 potions of might {unknown}
 I - 2 potions of ambrosia {unknown}
 J - 5 potions of curing


   Skills:
 - Level 11.0 Fighting
 + Level 13.8 Ranged Weapons
 - Level 5.0 Armour
 - Level 8.0 Dodging
 - Level 1.4 Stealth
 - Level 2.6 Spellcasting
 - Level 4.8 Summonings
 - Level 3.0 Translocations
 + Level 6.0 Invocations


You had 9 spell levels left.
You knew the following spells:

 Your Spells              Type           Power      Damage    Failure   Level
a - Apportation           Tloc           26%        N/A       7%          1
c - Call Canine Familiar  Summ           20%        N/A       10%         3
i - Call Imp              Summ           40%        N/A       4%          2
s - Summon Small Mammal   Summ           80%        N/A       3%          1

Your spell library contained the following spells:

 Spells                   Type           Power      Damage    Failure   Level
 Summon Guardian Golem    Hex/Summ       11%        N/A       26%         3
 Manifold Assault         Tloc           13%        N/A       56%         4
 Summon Lightning Spire   Summ/Air       11%        N/A       65%         4
 Alistair's Intoxication  Tmut/Pois      1%         N/A       100%        5
 Dispersal                Tloc           6%         N/A       100%        6
 Disjunction              Tloc           6%         N/A       100%        8


Dungeon Overview and Level Annotations

Branches:
Dungeon (12/15) Zot: 1753  Temple (1/1) D:4 Zot: 576    Lair (0/5) D:8
    Orc (0/2) D:9         Ossuary (visited)

Altars:
Ashenzari
Cheibriados
Dithmenos
Elyvilon
Fedhas
Gozag
Hepliaklqana
Kikubaaqudgha
Makhleb
Nemelex Xobeh
Okawaru
Qazlal
Ru
Sif Muna
Trog
Uskayaw
Vehumet
Xom
Yredelemnul
Zin

Annotations:
D:8 BillyBaka's ghost, novice GrFi


Innate Abilities, Weirdness & Mutations

You passively map the area around you.
You are easily found by Zot.
You glow in the dark.
You regain HP and MP as you explore.


Message History

You are slowing down.
The two-headed ogre hits you with a +0 giant club.
* * * LOW HITPOINT WARNING * * *
The two-headed ogre hits you with a +0 giant club!!
* * * LOW HITPOINT WARNING * * *
Unknown command.
Unknown command.
Unknown command.
Unknown command.
Unknown command.
Okay, then.
Unknown command.
As you read the scroll labelled BUMUIGGO PUUVER, it crumbles to dust.
Magic quickly surges around you.
It was a scroll of vulnerability.
The gnoll hits you but does no damage. The gnoll sergeant misses you.
The basilisk barely misses you. The slime creature misses you.
Your limbs are stiffening.
Unknown command.
Okay, then.
Blink to where?
Press: ? - help, Dir - move target
As you read the scroll labelled GUEGGALUTO, it crumbles to dust.
It was a scroll of blinking.
You have turned to stone.
The gnoll hits you from afar with a +0 spear.
* * * LOW HITPOINT WARNING * * *
The gnoll hits you but does no damage. The slime creature hits you.
* * * LOW HITPOINT WARNING * * *
The gnoll hits you from afar with a +0 spear.
The slime creature hits you!
* * * LOW HITPOINT WARNING * * *
The gnoll barely misses you. The slime creature barely misses you.
The slime creature hits you!
* * * LOW HITPOINT WARNING * * *
The slime creature hits you.
* * * LOW HITPOINT WARNING * * *
The gnoll hits you from afar with a +0 spear!
* * * LOW HITPOINT WARNING * * *
The gnoll sergeant hits you from afar with a +0 spear.
You die...
Fedhas appreciates your contribution to the ecosystem.

*, , , *
#........*
#........*
#........
#........
#........
#........
#........
#@J....).*
#JJg...).
#gOgl..)# *
* #.......#
,,,,, ,
....../.# ,
, , ,
........# ,
,,
...[....#
,,
,.....[[.<#
,....[...#


You could see 3 slime creatures, a two-headed ogre (weak-willed), a basilisk
(weak-willed), a gnoll sergeant (weak-willed) and 2 gnolls.

Vanquished Creatures
  3 two-headed ogres
  A death yak (D:8)
  A cyclops (D:11)
  A manticore (D:11)
  2 unseen horrors (D:11)
  A komodo dragon (D:11)
  A troll (D:11)
  2 basilisks
  A wraith (D:10)
  15 yaks
  A shadow (D:11)
  2 wyverns
  2 steam dragons (D:6)
  Menkaure (Ossuary)
  4 vampire mosquitoes (D:11)
  2 acid dragons (D:10)
  2 water moccasins (D:6)
  Duvessa (D:7)
  An ice beast (D:8)
  7 orc warriors
  2 centaurs (D:8)
  3 bullfrogs
  3 kobold brigands
  2 scorpions
  12 wights
  Dowan (D:7)
  6 killer bees (D:9)
  3 quasits (D:8)
  A centaur zombie (Ossuary)
  A hound (D:5)
  4 orc priests
  A sleepcap (D:5)
  10 orc wizards
  An ogre zombie (Ossuary)
  An adder (D:4)
  5 gnolls
  A shadow imp (D:7)
  2 white imps
  An ufetubus (D:6)
  2 adder zombies (Ossuary)
  A dart slug (D:1)
  35 orcs
  2 ball pythons
  4 endoplasms
  2 giant cockroaches (D:2)
  2 hobgoblins
  16 kobolds
  A bat (D:1)
  2 frilled lizards
  2 goblin zombies (Ossuary)
  A hobgoblin zombie (Ossuary)
  3 kobold zombies (Ossuary)
  2 quokka zombies (Ossuary)
  3 rats
189 creatures vanquished.

Vanquished Creatures (collateral kills)
  Edmund (D:5)
  A black bear (D:6)
  2 ogres (D:4)
  A phantom (D:5)
  A centaur (D:6)
  A scorpion (D:5)
  A jelly (D:5)
  A hound (D:5)
  3 centaur zombies (Ossuary)
  3 iguanas
  2 orc wizards
  6 mummies (Ossuary)
  2 adders
  A gnoll (D:4)
  A white imp (D:5)
  2 worms (D:2)
  4 adder zombies (Ossuary)
  6 orcs
  2 bats (D:1)
  3 endoplasms
  A gnoll zombie (Ossuary)
  2 goblins (D:1)
  2 hobgoblins (D:1)
  6 kobolds
  A quokka (D:3)
  5 ball pythons
  2 frilled lizards (D:2)
  2 goblin zombies (Ossuary)
  A hobgoblin zombie (Ossuary)
  5 kobold zombies (Ossuary)
  A quokka zombie (Ossuary)
  3 rats
  A rat zombie (Ossuary)
76 creatures vanquished.

Grand Total: 265 creatures vanquished

Notes
Turn   | Place    | Note
-------+----------+-------------------------------------------
     0 | D:1      | Daunt the Meteoran Summoner began the quest for the Orb.
     0 | D:1      | Reached XP level 1. HP: 14/14 MP: 5/5
   102 | D:1      | Reached skill level 1 in Fighting
   108 | D:1      | Reached XP level 2. HP: 22/23 MP: 3/6
   178 | D:1      | Reached XP level 3. HP: 29/30 MP: 8/8
   211 | D:1      | Found a faded altar of an unknown god.
   349 | D:1      | Learned a level 2 spell: Call Imp
   353 | D:1      | Learned a level 3 spell: Call Canine Familiar
   501 | D:1      | Glimpsed the power of Zot.
   544 | D:2      | Reached XP level 4. HP: 28/38 MP: 9/9
   901 | D:3      | Found a snail-covered altar of Cheibriados.
   904 | D:3      | Found a broken altar of Ashenzari.
   908 | D:3      | Found a shadowy altar of Dithmenos.
   924 | D:3      | Reached XP level 5. HP: 24/46 MP: 0/10
  1167 | D:3      | Reached skill level 5 in Fighting
  1277 | D:4      | Reached XP level 6. HP: 16/56 MP: 6/11
  1295 | D:4      | Found a basalt altar of Yredelemnul.
  1307 | D:4      | Noticed an ogre
  1334 | D:4      | Killed an ogre
  1402 | D:4      | Reached XP level 7. HP: 33/66 MP: 1/12
  1569 | D:5      | Entered Level 5 of the Dungeon
  1582 | D:5      | Noticed Edmund
  1625 | D:5      | Killed Edmund
  1626 | D:5      | Reached XP level 8. HP: 64/75 MP: 2/13
  1705 | D:5      | Found a glowing silver altar of Zin.
  1755 | D:5      | Found a sand-covered staircase.
  1797 | Ossuary  | Entered an ossuary
  2039 | Ossuary  | Reached skill level 10 in Fighting
  2116 | Ossuary  | Noticed Menkaure
  2124 | Ossuary  | Killed Menkaure
  2144 | Ossuary  | Gained mutation: You passively map the area around you.
                  | [Meteoran growth]
  2144 | Ossuary  | Reached XP level 9. HP: 67/86 MP: 3/14
  2325 | D:6      | Found a radiant altar of Vehumet.
  2383 | D:6      | Reached skill level 2 in Ranged Weapons
  2473 | D:6      | Reached skill level 3 in Ranged Weapons
  2499 | D:6      | Reached skill level 4 in Ranged Weapons
  2525 | D:6      | Found a blossoming altar of Fedhas.
  2620 | D:4      | Found a staircase to the Ecumenical Temple.
  2625 | Temple   | Entered the Ecumenical Temple
  2744 | D:6      | Reached skill level 5 in Ranged Weapons
  2818 | D:6      | Reached skill level 6 in Ranged Weapons
  2882 | D:6      | Became a worshipper of Fedhas Madash
  2968 | D:7      | Upgraded the game from 0.30.0-16-gbe6223bb7e to
                  | 0.30.0-17-ge0270778cf
  3013 | D:8      | Noticed a death yak
  3013 | D:8      | Found a staircase to the Lair.
  3035 | D:7      | Reached skill level 7 in Ranged Weapons
  3074 | D:6      | Reached XP level 10. HP: 54/95 MP: 15/15
  3161 | D:7      | Reached skill level 8 in Ranged Weapons
  3258 | D:7      | Noticed Dowan
  3261 | D:7      | Killed Dowan
  3274 | D:7      | Noticed Duvessa
  3284 | D:7      | Killed Duvessa
  3449 | D:8      | Reached skill level 9 in Ranged Weapons
  3564 | D:8      | Learned a level 1 spell: Apportation
  3600 | D:8      | Reached skill level 1 in Translocations
  3619 | D:8      | Killed a death yak
  3620 | D:8      | Reached skill level 10 in Ranged Weapons
  3675 | D:8      | Reached * piety under Fedhas
  3732 | D:8      | Found a stormy altar of Qazlal.
  3739 | D:8      | Reached skill level 11 in Ranged Weapons
  3889 | D:8      | Found a transporter.
  3903 | D:8      | Reached XP level 11. HP: 76/102 MP: 16/16
  3915 | D:8      | Reached skill level 12 in Ranged Weapons
  3969 | D:8      | Noticed BillyBaka's ghost (novice GrFi)
  3975 | D:8      | Found a transporter.
  4018 | D:8      | Reached skill level 1 in Armour
  4198 | D:9      | Noticed a two-headed ogre
  4206 | D:9      | Killed a two-headed ogre
  4231 | D:10     | Entered Level 10 of the Dungeon
  4241 | D:10     | Reached ** piety under Fedhas
  4256 | D:9      | Noticed a two-headed ogre
  4265 | D:9      | Killed a two-headed ogre
  4345 | D:9      | Reached skill level 5 in Dodging
  4844 | D:9      | Reached skill level 1 in Invocations
  4875 | D:9      | Reached *** piety under Fedhas
  4876 | D:9      | Reached skill level 5 in Armour
  4900 | D:9      | Found a staircase to the Orcish Mines.
  5038 | D:10     | Reached skill level 13 in Ranged Weapons
  5112 | D:10     | Found a bloodstained altar of Trog.
  5175 | D:10     | Found a shimmering blue altar of Sif Muna.
  5487 | D:11     | Reached XP level 12. HP: 82/110 MP: 17/17
  5691 | D:11     | Noticed a two-headed ogre
  5698 | D:11     | Killed a two-headed ogre
  5699 | D:11     | Reached skill level 5 in Invocations
  5736 | D:12     | Noticed a two-headed ogre
  5929 | D:12     | HP: 5/110 [slime creature (1)]
  5930 | D:12     | Slain by a gnoll sergeant

Illustrated notes

Levels and vault maps discovered:
D:1:      psy_arrival_spokes, layout_loops_ring,
          shapermc_ecumenical_altar_notcrosses, minmay_misc_feat_alley
D:2:      layout_basic
D:3:      layout_loops_ring, grunt_temple_overflow_open, chequers_arboretum
D:4:      layout_cave_pods, tso_altar, mainiacjoe_overflow_boulevard,
          nicolae_wu_jian_glorious_leap, minmay_temple_entry_from_below_a,
          biasface_ghost_orc_armoury
D:5:      layout_basic, mainiacjoe_overflow_small_starburst, enter_ossuary_1,
          uniq_edmund
D:6:      layout_loops_ring, mainiacjoe_overflow_chevrons, fiery_altar_vehumet
D:7:      layout_loops_ring, roderic_lattice_a, uniq_duvessa
D:8:      layout_basic, nicolae_qazlal_scattered_showers, david_lair_generic,
          gammafunk_ghost_stat_death
D:9:      layout_loops_corners, david_orc_4
D:10:     layout_basic, lemuel_doored_altar, mainiacjoe_overflow_catwalk
D:11:     layout_cross
D:12:     layout_irregular_city, serial_shops, shop
Temple:   hellmonk_temple_rainy

Skill      XL: |  1  2  3  4  5  6  7  8  9 10 11 12 |
---------------+-------------------------------------+-----
Fighting       | 1 2 3 4 5 7 8 10 11 | 11.0
Ranged Weapons | 7 11 13 | 13.8
Translocations | 2 3 |  3.0
Armour         | 5 |  5.0
Dodging        | 6 8 |  8.0
Invocations    | 3 6 |  6.0
Stealth        | |  1.4
Spellcasting   | |  2.6
Summonings     | |  4.8

Action                     |  1- 3 |  4- 6 |  7- 9 | 10-12 || total
---------------------------+-------+-------+-------+-------++-------
  Melee: Unarmed           |     8 |       |       |       ||     8
         Short sword       |    54 |    90 |    25 |       ||   169
         Dagger            |     4 |       |       |       ||     4
         Punch             |       |     2 |     3 |       ||     5
         Flail             |       |       |   102 |       ||   102
   Fire: Shortbow          |       |       |    49 |   543 ||   592
   Cast: Summon Small Mamm |    18 |    43 |    61 |     2 ||   124
         Call Imp          |       |     6 |    22 |       ||    28
         Call Canine Famil |       |     3 |    22 |     2 ||    27
         Apportation       |       |       |       |    21 ||    21
 Invoke: Wall of Briars    |       |       |       |     1 ||     1
    Use: Scroll            |       |       |     7 |     5 ||    12
         Potion            |       |       |       |     5 ||     5
   Stab: Distracted        |     3 |     7 |     1 |       ||    11
         Sleeping          |       |       |     1 |       ||     1
 Armour: Robe              |    20 |     8 |    68 |    34 ||   130
         Acid dragon scale |       |       |       |    51 ||    51
  Dodge: Dodged            |    40 |    67 |   146 |   322 ||   575
